 Dungeon Crawl Stone Soup version 0.29-a0-541-gaf1fc19f1b (webtiles) character file.

Game seed: 10759451618382647139

132 gnolly the Skirmisher (level 4, -1/36 HPs)
             Began as a Mummy Cinder Acolyte on June 3, 2022.
             Was a High Priest of Ignis.
             Slain by an orc
             ... wielding a +0 flail
              (5 damage)
             ... on level 3 of the Dungeon.
             The game lasted 00:06:52 (2046 turns).

gnolly the Skirmisher (Mummy Cinder Acolyte)        Turns: 2046, Time: 00:06:52

Health: -1/36      AC:  3    Str: 17    XL:     4   Next: 92%
Magic:  8/8        EV: 11    Int: 21    God:    Ignis [*****.]
Gold:   78         SH:  0    Dex:  7    Spells: 6/8 levels left

rFire   . . .      SeeInvis .   a - -1 spear (flame)
rCold   + . .      Faith    .   i - orb {*channel}
rNeg    + + +      Spirit   .   b - +0 robe
rPois   ∞          Reflect  .   (no helmet)
rElec   .          Harm     .   c - +0 cloak
rCorr   .          Rampage  .   (no gloves)
Will    .....                   (no boots)
Stlth   +.........              (no amulet)
HPRegen 0.12/turn               d - +4 ring of slaying
MPRegen 0.11/turn               f - +6 ring of intelligence

@: confused
A: cold resistance 1, negative energy resistance 3, torment resistance 2, heat
vulnerability 1, in touch with death 1, no potions
a: Renounce Religion, Fiery Armour, Foxfire Swarm, Rising Flame


You were on level 3 of the Dungeon.
You worshipped Ignis.
Ignis was extremely pleased with you.
You visited 1 branch of the dungeon, and saw 3 of its levels.

You collected 78 gold pieces.

Inventory:

Hand Weapons
 a - a -1 spear of flaming (weapon)
 h - a +4 quarterstaff of chaos
Armour
 b - a +0 robe (worn)
 c - a +0 cloak (worn)
 i - an orb of energy (worn)
Jewellery
 d - a +4 ring of slaying (left hand)
 f - a +6 ring of intelligence (right hand)
Scrolls
 e - a scroll of amnesia {unknown}
 g - 2 scrolls of teleportation {unknown}
 j - 2 scrolls of fear {unknown}
 k - a scroll of identify {unknown}


   Skills:
 + Level 3.6 Fighting
 - Level 2.6(2.9) Polearms
 * Level 1.6(2.4) Staves
 + Level 2.8 Spellcasting
 + Level 1.1 Translocations
 + Level 2.9 Fire Magic


You had 6 spell levels left.
You knew the following spells:

 Your Spells              Type           Power      Damage    Failure   Level
a - Scorch                Fire           30%        2d6       6%          2

Your spell library contained the following spells:

 Spells                   Type           Power      Damage    Failure   Level
 Leda's Liquefaction      Hex/Erth       1%         N/A       80%         4
 Lee's Rapid Deconstruct  Erth           1%         3d5*      98%         5
 Statue Form              Tmut/Erth      Unusable   N/A       N/A         6

Dungeon Overview and Level Annotations

Branches:
Dungeon (3/15)

Altars:

Shops:
D:1 !


Innate Abilities, Weirdness & Mutations

You are immune to poison.
Your flesh is cold resistant. (rC+)
You are immune to negative energy. (rN+++)
You are immune to unholy pain and torment.
You are vulnerable to heat. (rF-)
You are in touch with the powers of death.
You do not drink.


Message History

The orc wizard gestures at you while chanting.
You are confused.
You are too confused!
You are too confused!
Unknown command.
You barely miss the orc. The orc wizard casts a spell at you.
You are more confused.
You closely miss the orc wizard.
The orc wizard is moderately wounded.
The orc hits you but does no damage.
The orc wizard hits you but does no damage.
The orc barely misses you.
You closely miss the orc wizard.
The orc wizard is moderately wounded.
The orc barely misses you. x2
The orc wizard attacks as you move away!
The orc wizard hits you with a +0 dagger.
The orc attacks as you move away! The orc hits you with a +0 flail.
The orc barely misses you.
The orc wizard casts a spell.
The orc wizard flickers and vanishes!
You're too confused to move!
The orc hits you with a +0 whip.
You hear some strange, mumbled words.
You are more confused.
You hear some strange, mumbled words.
A magic dart appears from out of thin air!
The magic dart hits you! The orc hits you with a +0 flail.
* * * LOW HITPOINT WARNING * * *
You're too confused to move!
The orc barely misses you. Something hits you.
* * * LOW HITPOINT WARNING * * *
Something burns you.
* * * LOW HITPOINT WARNING * * *
The orc closely misses you.
You hit the orc. You burn the orc.
You kill the orc!
Something hits you but does no damage. x2; The orc hits you with a +0 flail.
* * * LOW HITPOINT WARNING * * *
The orc attacks as you move away! The orc hits you with a +0 flail.
You die...

#.<..#####...<.###..
#.................. .
####.####......#.#..#.#..
#..###................
##.#........##........
#.#.##...............
###...#......##.......#
#..........o.##........
#.###.....@)..)...#...#
#. #......{........... #
...........##.......
...........## .......
.!..........# .......
.............. .......
............#..........
.........###.......>
..#...#.# #.......


You could see an orc.

Vanquished Creatures
  Crazy Yiuf (D:2)
  Jessica (D:2)
  An orc wizard (D:3)
  An adder (D:2)
  2 dart slugs (D:1)
  An orc (D:3)
  3 ball pythons (D:1)
  5 endoplasms
  A giant cockroach (D:2)
  5 goblins
  2 hobgoblins (D:2)
  4 kobolds
  5 quokkas
  4 bats
  2 rats (D:1)
38 creatures vanquished.

Notes
Turn   | Place    | Note
-------+----------+-------------------------------------------
     0 | D:1      | gnolly the Mummy Cinder Acolyte began the quest for the
                  | Orb.
     0 | D:1      | Reached XP level 1. HP: 18/18 MP: 2/2
   167 | D:1      | Reached XP level 2. HP: 21/24 MP: 4/4
   436 | D:1      | Found Halilo's Distillery.
   669 | D:1      | Found a faded altar of an unknown god.
   711 | D:2      | Gained mutation: You are in touch with the powers of death.
                  | [Mummy growth]
   711 | D:2      | Reached XP level 3. HP: 24/29 MP: 6/6
   950 | D:2      | Found a runed translucent door.
   951 | D:2      | Noticed Crazy Yiuf
   957 | D:2      | Learned a level 2 spell: Scorch
   961 | D:2      | Killed Crazy Yiuf
   962 | D:2      | Reached skill level 1 in Staves
  1391 | D:2      | Reached XP level 4. HP: 25/35 MP: 7/7
  1708 | D:2      | Noticed Jessica
  1711 | D:2      | Killed Jessica
  1712 | D:2      | Reached skill level 1 in Translocations
  2046 | D:3      | Slain by an orc

Illustrated notes

Levels and vault maps discovered:
D:1:      lemuel_arrival_behind_the_door_small, layout_basic, serial_shops,
          shop, dreamdust_ecumenical_altar_angels_and_demons, minivault_25
D:2:      layout_loops_corners, hangedman_decor_push, kennysheep_crisscross,
          uniq_crazy_yiuf_cottage, uniq_jessica
D:3:      layout_rooms, chequers_serial_rivers_large_a

Skill      XL: |  1  2  3  4 |
---------------+-------------+-----
Spellcasting   | 2 |  2.8
Staves         | 1 |  1.6
Translocations | 1 |  1.1
Fighting       | |  3.6
Polearms       | |  2.6
Fire Magic     | |  2.9

Action                   |  1- 3 |  4- 6 || total
-------------------------+-------+-------++-------
Melee: Spear             |    71 |    21 ||    92
 Cast: Scorch            |     3 |       ||     3
Armor: Robe              |     5 |     5 ||    10
Dodge: Dodged            |    20 |     8 ||    28

Table legend: (Time is in decaauts)
 A = Elapsed time spent in this place.
 B = Non-inter-level travel time spent in this place.
 C = Inter-level travel time spent in this place.
 D = Time resting spent in this place.
 E = Time spent auto-exploring this place.
 F = Levels seen in this place.
 G = Mean time per level.
                   A        B        C        D        E       F      G
               +--------+--------+--------+--------+--------+-----+--------+
         Total |   2041 |   1988 |     53 |      0 |   1688 |   3 |  680.3 |
       Dungeon |   2041 |   1988 |     53 |      0 |   1688 |   3 |  680.3 |
               +--------+--------+--------+--------+--------+-----+--------+

Top non-repeatable levels by time:
     D:2: 1309 daAuts
     D:1: 694 daAuts
     D:3: 37 daAuts
